 Dungeon Crawl Stone Soup version 0.29-a0-757-g358383bc75 (webtiles) character file.

Game seed: 5016204914661194728

6638 avis the Skirmisher (level 10, -7/83 HPs)
             Began as a Demigod Ice Elementalist on July 1, 2022.
             Killed from afar by Psyche (14 damage)
             ... with a bolt of light
             ... on level 8 of the Dungeon.
             The game lasted 01:19:24 (11112 turns).

avis the Skirmisher (Demigod Ice Elementalist)     Turns: 11112, Time: 01:19:24

Health: -7/83      AC:  5    Str:  9    XL:     10   Next: 44%
Magic:  17/17      EV: 13    Int: 20    God:
Gold:   269        SH:  0    Dex: 26    Spells: 8/15 levels left

rFire   x . .      SeeInvis +   a - +8 sling of the Enfolding Gods {vorpal, rN+ Int+3 SInv}
rCold   + . .      Faith    .   (no shield)
rNeg    + . .      Spirit   .   o - +0 robe
rPois   .          Reflect  .   F - +1 hat
rElec   .          Harm     .   (no cloak)
rCorr   .          Rampage  .   (no gloves)
Will    +....                   f - +1 pair of boots
Stlth   +++.......              (no amulet)
HPRegen 0.23/turn               q - +4 ring of slaying
MPRegen 0.15/turn               H - ring of ice

@: marked
A: high MP 1, forlorn, divine attributes
a: no special abilities


You were on level 8 of the Dungeon.
You visited 2 branches of the dungeon, and saw 10 of its levels.

You collected 460 gold pieces.
You spent 191 gold pieces at shops.

Inventory:

Hand Weapons
 a - the +8 sling of the Enfolding Gods (weapon) {vorpal, rN+ Int+3 SInv}
   (You found it on level 2 of the Dungeon)

   Any ammunition fired from it inflicts extra damage upon your enemies.
   Int:       It affects your intelligence (+3).
   rN:        It protects you from negative energy.
   SInv:      It lets you see invisible.
 b - a +3 longbow of freezing
 w - a +3 scimitar
Missiles
 u - 31 poisoned darts
 v - 6 atropa-tipped darts
 x - 8 curare-tipped darts
Armour
 f - a +1 pair of boots (worn)
 o - a +0 robe (worn)
 F - a +1 hat (worn)
Jewellery
 q - a +4 ring of slaying (left hand)
 s - a +4 ring of evasion
 E - a ring of protection from cold
 H - a ring of ice (right hand)
Wands
 M - a wand of polymorph (1)
 O - a wand of light (5)
 Q - a wand of flame (21)
 S - a wand of iceblast (7)
 T - a wand of paralysis (9)
Scrolls
 d - a scroll of silence
 h - a scroll of magic mapping
 n - 2 scrolls of poison
Potions
 c - a potion of cancellation
 e - 5 potions of heal wounds
 g - 2 potions of magic
 i - 3 potions of might
 k - 7 potions of curing
 m - a potion of flight
 p - 2 potions of lignification
 A - a potion of invisibility {unknown}
 D - 2 potions of haste


   Skills:
 - Level 6.0 Fighting
 * Level 12.3 Ranged Weapons
 - Level 1.7 Dodging
 - Level 3.0 Stealth
 - Level 3.0 Spellcasting
 - Level 6.0 Ice Magic


You had 8 spell levels left.
You knew the following spells:

 Your Spells              Type           Power      Damage    Failure   Level
a - Freeze                Ice            100%       1d11      1%          1
o - Ozocubu's Armour      Ice            40%        N/A       3%          3
r - Frozen Ramparts       Ice            80%        1d10      3%          3

Your spell library contained the following spells:

 Spells                   Type           Power      Damage    Failure   Level
 Shock                    Conj/Air       12%        1d3       14%         1
 Conjure Flame            Conj/Fire      3%         6-21      38%         3
 Gell's Gravitas          Tloc           3%         N/A       38%         3
 Ignite Poison            Fire/Tmut/Pois 3%         N/A       38%         3
 Swiftness                Air            3%         N/A       38%         3
 Teleport Other           Tloc           3%         N/A       38%         3
 Hailstorm                Conj/Ice       22%        3d7       38%         4
 Airstrike                Air            1%         N/A       80%         4
 Animate Dead             Necr           3%         N/A       80%         4
 Sticky Flame             Conj/Fire      3%         2d3       80%         4
 Borgnjor's Vile Clutch   Necr/Erth      1%         N/A       98%         5
 Fireball                 Conj/Fire      1%         3d3       98%         5
 Iskenderun's Battlesphe  Conj           3%         2d6       98%         5
 Conjure Ball Lightning   Conj/Air       1%         3x3d6     100%        6
 Death Channel            Necr           1%         N/A       100%        6
 Dispersal                Tloc           1%         N/A       100%        6
 Orb of Destruction       Conj           1%         9d5       100%        7


Dungeon Overview and Level Annotations

Branches:
Dungeon (9/15)             Temple (1/1) D:5
   Lair: D:8-11         Orc: D:9-12

Shops:
D:3 *   D:4 (   D:5 (   D:6 =   D:7 [

Annotations:
D:8 Psyche


Innate Abilities, Weirdness & Mutations

You have an increased reservoir of magic. (+10% MP)
You shall have no god before yourself.
Your divine heritage dramatically boosts your attributes as you level up.


Message History

You shoot a sling bullet.
The sling bullet closely misses the wyvern.
Fire: a) +8 sling of the Enfolding Gods {vorpal, rN+ Int+3 SInv}
Press: ? - help, Q - select action, (/) - cycle Shift-Dir - straight line, f/p - wyvern
Aim: a wyvern You shoot a sling bullet.
The sling bullet hits the wyvern.
The wyvern is moderately wounded.
The wyvern bites you.
Fire: a) +8 sling of the Enfolding Gods {vorpal, rN+ Int+3 SInv}
Press: ? - help, Q - select action, (/) - cycle Shift-Dir - straight line, f/p - wyvern
Aim: a wyvern (moderately wounded)
You shoot a sling bullet. The sling bullet hits the wyvern!
The wyvern is almost dead.
The wyvern completely misses you.
Fire: a) +8 sling of the Enfolding Gods {vorpal, rN+ Int+3 SInv}
Press: ? - help, Q - select action, (/) - cycle Shift-Dir - straight line, f/p - wyvern
Aim: a wyvern (almost dead)
You shoot a sling bullet. The sling bullet hits the wyvern!
You kill the wyvern!
Your icy armour cracks and falls away as you move.
Psyche the Insane Magess comes into view.
She is wielding a +0 dagger of distortion and carrying a wand of light (5).
An orc comes into view. It is wielding a +0 hand axe.
An orc wizard comes into view. It is wielding a +0 dagger.
The yak gores you! Psyche hits you but does no damage.
Psyche zaps a wand.
The bolt of light hits you! The yak gores you but does no damage.
There is a stone staircase leading up, spattered with blood here.
Magic restored.
Psyche hits you but does no damage. Space warps horribly around you!!
* * * LOW HITPOINT WARNING * * *
The yak gores you but does no damage.
Psyche zaps a wand.
The bolt of light hits you!
* * * LOW HITPOINT WARNING * * *
You climb upwards.
There is a stone staircase leading down here.
Blink to where?
Press: ? - help, Dir - move target
As you read the scroll of blinking, it crumbles to dust.
Psyche zaps a wand.
The bolt of light hits you!
You die...

########.####
#...........#
###.#########.#
#.....# #.# #.....#
#.# ####.....#### #..
#####...........# #.#
#...............## #.#
#####.#..@...._......#
#.#
#....................#
#.#
#.###.#..............#
#.#
#...<....###.....###.#
### #######.## #....[#
#.# #.. #.#
#..@..###.# #^.
#.######Y......# #..
#.#...)..##'######..
#.#..)...#..........


You could see Psyche and a yak.

Vanquished Creatures
  A two-headed ogre (D:7)
  Maurice (D:8)
  A kobold demonologist (D:8)
  A gargoyle (D:9)
  A troll (D:8)
  A hornet (D:8)
  A wyvern (D:9)
  A steam dragon (D:7)
  2 water moccasins
  5 ice beasts
  A black bear (D:7)
  An ogre (D:5)
  3 centaurs
  4 kobold brigands
  3 necrophages
  3 gnoll sergeants
  3 bullfrogs
  A scorpion (D:5)
  23 wights
  6 killer bees (D:7)
  A jelly (D:6)
  2 hounds
  6 orc priests
  An iron imp (D:8)
  2 gnoll shamans
  Jessica (D:3)
  3 iguanas
  Natasha (thrice) (D:2)
  6 orc wizards
  6 adders
  15 gnolls
  An ufetubus (D:4)
  3 worms
  5 dart slugs
  39 orcs
  3 bats
  7 endoplasms
  5 giant cockroaches
  11 goblins
  6 hobgoblins
  12 jackals
  7 quokkas
  8 ball pythons
  3 frilled lizards (D:3)
  16 kobolds
  4 rats
239 creatures vanquished.

Vanquished Creatures (others)
  A fungus (D:9)
  38 plants (D:2)
39 creatures vanquished.

Grand Total: 278 creatures vanquished

Notes
Turn   | Place    | Note
-------+----------+-------------------------------------------
     0 | D:1      | avis the Demigod Ice Elementalist began the quest for the
                  | Orb.
     0 | D:1      | Reached XP level 1. HP: 14/14 MP: 5/5
   146 | D:1      | Reached skill level 1 in Fighting
   227 | D:1      | Reached XP level 2. HP: 23/23 MP: 5/7
  1027 | D:2      | Noticed Natasha
  1224 | D:2      | Reached XP level 3. HP: 29/29 MP: 8/8
  1246 | D:2      | Learned a level 3 spell: Ozocubu's Armour
  2036 | D:2      | Identified the +8 sling of the Enfolding Gods {vorpal, rN+
                  | Int+3 SInv}
  2110 | D:2      | Killed Natasha
  2111 | D:2      | Reached XP level 4. HP: 17/37 MP: 0/9
  2478 | D:2      | Noticed Natasha
  2485 | D:2      | Killed Natasha
  2713 | D:2      | Noticed Natasha
  2717 | D:2      | Killed Natasha
  2991 | D:3      | Reached skill level 1 in Ranged Weapons
  3497 | D:3      | Reached XP level 5. HP: 45/45 MP: 10/10
  3513 | D:3      | Found Mehis's Assorted Antiques.
  3574 | D:3      | Noticed Jessica
  3581 | D:3      | Killed Jessica
  3582 | D:3      | Reached skill level 2 in Ranged Weapons
  4100 | D:4      | Found Joddamnalypt's Weapon Emporium.
  4603 | D:4      | Bought a +2 shortbow of freezing for 191 gold pieces
  4640 | D:5      | Entered Level 5 of the Dungeon
  4696 | D:5      | Found Qughuhun's Antique Weapon Shop.
  4843 | D:5      | Reached skill level 3 in Ranged Weapons
  4843 | D:5      | Reached XP level 6. HP: 51/51 MP: 13/13
  5161 | D:5      | Reached skill level 4 in Ranged Weapons
  5675 | D:5      | Reached XP level 7. HP: 57/57 MP: 10/14
  5710 | D:5      | Reached skill level 5 in Ice Magic
  5808 | D:5      | Found a staircase to the Ecumenical Temple.
  5817 | Temple   | Entered the Ecumenical Temple
  5898 | D:5      | Reached skill level 5 in Ranged Weapons
  6446 | D:6      | Found Higgo's One-of-a-Kind Rings.
  6601 | D:6      | Reached skill level 6 in Ranged Weapons
  6821 | D:6      | Reached XP level 8. HP: 63/63 MP: 15/15
  7108 | D:6      | Learned a level 3 spell: Frozen Ramparts
  7133 | D:7      | Noticed a two-headed ogre
  7133 | D:7      | Found Xuegak's Antique Armour Emporium.
  7258 | D:7      | Reached skill level 7 in Ranged Weapons
  7383 | D:7      | Reached skill level 8 in Ranged Weapons
  7958 | D:7      | Killed a two-headed ogre
  7959 | D:7      | Reached skill level 9 in Ranged Weapons
  7959 | D:7      | Reached XP level 9. HP: 71/71 MP: 12/16
  8062 | D:7      | Reached skill level 10 in Ranged Weapons
  8381 | D:7      | Reached skill level 5 in Fighting
  9275 | D:8      | Reached skill level 11 in Ranged Weapons
  9365 | D:8      | Noticed a kobold demonologist
  9379 | D:8      | Killed a kobold demonologist
  9380 | D:8      | Reached XP level 10. HP: 72/81 MP: 10/17
  9508 | D:8      | Noticed Maurice
  9515 | D:8      | Killed Maurice
  9534 | D:8      | Reached skill level 12 in Ranged Weapons
 11106 | D:9      | Noticed Psyche
 11112 | D:8      | Killed from afar by Psyche

Illustrated notes

Levels and vault maps discovered:
D:1:      co_arrival_square_in_a_square_in_a_square, layout_loops_ring,
          serial_glass, glass_columns_b, glass_columns_c,
          minmay_strange_pillars, shapermc_ecumenical_altar_hornbeckon
D:2:      layout_loops_ring, serial_bayou_lagoon_a, minmay_small_reverse_x,
          uniq_natasha
D:3:      layout_loops_ring, mainiacjoe_overflow_brackets, old_standard_altar,
          mainiacjoe_overflow_alcove_2, marbit_many_paths, serial_shops, shop,
          uniq_jessica
D:4:      layout_basic, nemelex_dance_club_becter, serial_shops,
          nicolae_shop_hallway_stairs
D:5:      layout_loops_corners, xom_redecorated, mainiacjoe_overflow_swirl,
          elyvilon_altar_5, minmay_temple_entry_overgrown, grunt_decor_junction,
          nicolae_stop_n_shop_1
D:6:      layout_rooms, serial_curves, eino_curves_03, eino_curves_01,
          hangedman_abyss_or_decor_stabs, nicolae_shop_unique_rings
D:7:      layout_loops_ring, nicolae_stop_n_shop_2, st_stairs_10,
          hangedman_decor_push, nicolae_benzene_ring, minmay_checkerbox
D:8:      kennysheep_blocky_hall, layout_loops_cross, slow_altar_1,
          minmay_misc_feat_room, uniq_maurice
D:9:      layout_basic, mainiacjoe_overflow_boulevard, uniq_psyche
Temple:   kb_corrupted_temple

Skill      XL: |  1  2  3  4  5  6  7  8  9 10 |
---------------+-------------------------------+-----
Fighting       | 1 2 3 4 5 6 |  6.0
Stealth        | 2 3 |  3.0
Ice Magic      | 4 5 6 |  6.0
Spellcasting   | 2 3 |  3.0
Ranged Weapons | 1 3 4 6 9 11 12 | 12.3
Dodging        | |  1.7

Action                   |  1- 3 |  4- 6 |  7- 9 | 10-12 || total
-------------------------+-------+-------+-------+-------++-------
Melee: Unarmed           |     4 |       |       |       ||     4
       Dagger            |    12 |       |       |       ||    12
 Fire: Sling             |     4 |   138 |   214 |    77 ||   433
 Cast: Freeze            |    45 |    11 |     5 |       ||    61
       Ozocubu's Armour  |     2 |    22 |    24 |     7 ||    55
  Use: Scroll            |       |       |     9 |    14 ||    23
 Stab: Sleeping          |     3 |       |       |       ||     3
Armor: Robe              |     9 |    14 |    21 |     8 ||    52
Dodge: Dodged            |    20 |    19 |    46 |     9 ||    94

Table legend: (Time is in decaauts)
 A = Elapsed time spent in this place.
 B = Non-inter-level travel time spent in this place.
 C = Inter-level travel time spent in this place.
 D = Time resting spent in this place.
 E = Time spent auto-exploring this place.
 F = Levels seen in this place.
 G = Mean time per level.
                   A        B        C        D        E       F      G
               +--------+--------+--------+--------+--------+-----+--------+
         Total |  11184 |   9544 |   1640 |   3397 |   3749 |  10 | 1118.4 |
       Dungeon |  10636 |   8997 |   1639 |   3022 |   3749 |   9 | 1181.8 |
        Temple |    548 |    547 |      1 |    375 |      0 |   1 |  548.0 |
               +--------+--------+--------+--------+--------+-----+--------+

Top non-repeatable levels by time:
     D:2: 1919 daAuts
     D:5: 1875 daAuts
     D:7: 1723 daAuts
     D:8: 1382 daAuts
     D:3: 1191 daAuts
     D:1: 995 daAuts
     D:6: 761 daAuts
     D:4: 657 daAuts
  Temple: 548 daAuts
     D:9: 130 daAuts
